 Dungeon Crawl Stone Soup version 0.26-a0-639-g72c4674329 (webtiles) character file.

Game seed: 15814871919937919538

499 PentaManta the Chopper (level 7, -6/53 HPs)
             Began as a Formicid Abyssal Knight on Sept 19, 2020.
             Was a Follower of Lugonu.
             Mangled by an ogre
             ... wielding a +0 giant club
              (30 damage)
             ... on level 5 of the Dungeon.
             The game lasted 00:09:57 (5406 turns).

PentaManta the Chopper (Formicid Abyssal Knight)    Turns: 5406, Time: 00:09:57

Health: -6/53      AC:  5    Str: 19    XL:     7   Next: 39%
Magic:  9/9        EV: 11    Int: 11    God:    Lugonu [*.....]
Gold:   210        SH:  0    Dex: 10    Spells: 6/6 levels left

rFire    . . .     SeeInvis +   a - +2 hand axe
rCold    . . .     Faith    .   (no shield)
rNeg     . . .     Spirit   .   k - +0 ring mail
rPois    .         Reflect  .   (helmet unavailable)
rElec    .         Harm     .   (no cloak)
rCorr    .         Rampage  .   (no gloves)
MR       .....                  (no boots)
Stlth    ..........             (no amulet)
HPRegen  0.17/turn              (no ring)
MPRegen  0.11/turn              (no ring)

@: no status effects
A: permanent stasis, dig shafts and tunnels, four strong arms, antennae 3
a: Dig, Shaft Self, Depart the Abyss, Renounce Religion


You were on level 5 of the Dungeon.
You worshipped Lugonu.
Lugonu was aware of your devotion.
You visited 1 branch of the dungeon, and saw 5 of its levels.
You visited the Abyss 1 time.

You collected 210 gold pieces.

Inventory:

Hand Weapons
 a - a +2 hand axe (weapon)
 c - a +0 dagger
Missiles
 f - 48 poisoned darts (quivered)
 g - 8 boomerangs of dispersal
 m - 5 javelins
 r - 38 sling bullets
Armour
 j - a +0 chain mail
 k - a +0 ring mail (worn)
Wands
 l - a wand of random effects (10)
 n - a wand of digging (5)
Scrolls
 d - 6 scrolls of identify
 h - 2 scrolls of magic mapping {unknown}
 o - 2 scrolls of teleportation {unknown}
 q - a scroll of remove curse {unknown}
 s - a scroll of immolation {unknown}
Potions
 b - a potion of degeneration {unknown}
 e - a potion of might
 i - 2 potions of resistance {unknown}
 p - 4 potions of curing {unknown}


   Skills:
 + Level 3.9 Fighting
 + Level 6.5 Axes
 + Level 3.0 Armour
 + Level 1.7 Dodging
 + Level 3.0 Invocations


You had 6 spell levels left.
You didn't know any spells.
Your spell library was empty.

Dungeon Overview and Level Annotations

Branches:
Dungeon (5/15)             Temple (0/1) D:4

Altars:
Hepliaklqana
Kikubaaqudgha
Makhleb
Nemelex Xobeh
Ru
Trog
Xom


Innate Abilities, Weirdness & Mutations

You cannot be hasted, slowed, berserked, paralysed or teleported.
You can dig through walls and to a lower floor.
Your four strong arms can wield two-handed weapons with a shield.
You have a pair of large antennae on your head. (SInv)


Message History

You throw a poisoned dart. The poisoned dart hits the ogre.
Throwing (i - inventory. (/) - cycle)
f - 50 poisoned darts (quivered)
Press: ? - help, Shift-Dir - straight line, f/p - ogre
Aim: an ogre, wielding a +0 giant club You throw a poisoned dart.
The poisoned dart hits the ogre.
Throwing (i - inventory. (/) - cycle)
f - 49 poisoned darts (quivered)
Press: ? - help, Shift-Dir - straight line, f/p - ogre
Aim: an ogre, wielding a +0 giant club You throw a poisoned dart.
The poisoned dart hits the ogre.
You slash the ogre!
The ogre is severely wounded.
The ogre hits you with a +0 giant club!!
Ouch! That really hurt!
The giant cockroach barely misses you.
You slash the ogre!
The ogre is almost dead.
You hit the giant cockroach but do no damage.
The ogre hits you with a +0 giant club!!
Ouch! That really hurt!
You die...

... . .. ..
#.# ..!#..#
.((..##
#....#
#..O.##
#...@.#
#...s..#
.......<..#
.........##
........##
........#
.......##
.......


You could see an ogre and a giant cockroach.

Vanquished Creatures
  A phantom (D:4)
  A howler monkey (D:4)
  A hound (D:4)
  2 orc wizards
  Jessica (D:2)
  Terence (D:2)
  2 worker ants (D:4)
  Robin (D:3)
  7 adders
  3 gnolls
  2 worms
  3 dart slugs (D:3)
  5 leopard geckos
  5 orcs
  4 bats (D:1)
  3 giant cockroaches
  10 goblins
  6 hobgoblins
  2 ball pythons (D:4)
  3 frilled lizards
  5 kobolds
  8 rats
76 creatures vanquished.

Notes
Turn   | Place    | Note
-------+----------+-------------------------------------------
     0 | Abyss:1  | PentaManta the Formicid Abyssal Knight began the quest for
                  | the Orb.
     0 | Abyss:1  | Reached XP level 1. HP: 18/18 MP: 2/2
    49 | Abyss:1  | Found an opulent altar of Gozag.
   111 | Abyss:1  | Noticed a small abomination
   116 | Abyss:1  | Noticed a fire bat
   121 | D:1      | Escaped the Abyss
   560 | D:1      | Reached XP level 2. HP: 22/24 MP: 3/3
   844 | D:1      | Reached skill level 3 in Axes
  1032 | D:2      | Reached XP level 3. HP: 24/29 MP: 4/4
  1310 | D:2      | Noticed Terence
  1449 | D:2      | Killed Terence
  1449 | D:2      | Reached skill level 4 in Axes
  1449 | D:2      | Reached XP level 4. HP: 17/35 MP: 5/5
  1731 | D:2      | Reached * piety under Lugonu
  1762 | D:2      | Noticed Jessica
  1774 | D:2      | Killed Jessica
  1774 | D:2      | Reached XP level 5. HP: 31/41 MP: 6/6
  1861 | D:2      | Reached skill level 5 in Axes
  2546 | D:2      | Found a shimmering blue altar of Sif Muna.
  2548 | D:2      | Found a glowing silver altar of Zin.
  2548 | D:2      | Found a glowing golden altar of the Shining One.
  2550 | D:2      | Found a stormy altar of Qazlal.
  2550 | D:2      | Found an opulent altar of Gozag.
  2550 | D:2      | Found a shimmering altar of Xom.
  2721 | D:3      | Reached XP level 6. HP: 15/47 MP: 7/7
  3237 | D:3      | Found a bloodstained altar of Trog.
  3348 | D:3      | Reached skill level 6 in Axes
  3360 | D:3      | Noticed Robin
  3627 | D:3      | Killed Robin
  4252 | D:4      | Reached skill level 1 in Dodging
  4370 | D:4      | Found an ancient bone altar of Kikubaaqudgha.
  4373 | D:4      | Found a sacrificial altar of Ru.
  4373 | D:4      | Found a burning altar of Makhleb.
  4374 | D:4      | Found a hazy altar of Hepliaklqana.
  4374 | D:4      | Found a sparkling altar of Nemelex Xobeh.
  4507 | D:4      | Noticed a phantom
  4560 | D:4      | Killed a phantom
  4560 | D:4      | Reached XP level 7. HP: 7/53 MP: 7/9
  5220 | D:4      | Found a staircase to the Ecumenical Temple.
  5400 | D:5      | Entered Level 5 of the Dungeon
  5406 | D:5      | Mangled by an ogre

Illustrated notes

Levels and vault maps discovered:
D:1:      dpeg_arrival_renting, layout_rooms
D:2:      cheibrodos_helix_gallery, layout_basic, doesnt_xom_only_xom,
          uniq_jessica, uniq_terence
D:3:      layout_loops_ring, lemuel_crystal_altar, kennysheep_generic_room_8,
          uniq_robin
D:4:      layout_rooms, grunt_temple_overflow_open,
          minmay_temple_entry_gardened_gates, kennysheep_another_room
D:5:      layout_cave_pools, lemuel_doored_altar, vehumet_statue, serial_shops,
          nicolae_shop_waterfront

Skill      XL: |  1  2  3  4  5  6  7 |
---------------+----------------------+-----
Axes           | 3 4 5 6 |  6.5
Dodging        | 1 |  1.7
Armour         | 3 |  3.0
Invocations    | 3 |  3.0
Fighting       | |  3.9

Action                   |  1- 3 |  4- 6 |  7- 9 || total
-------------------------+-------+-------+-------++-------
Melee: Hand axe          |    59 |   181 |    37 ||   277
Throw: Dart              |       |    10 |     4 ||    14
Invok: Depart the Abyss  |     1 |       |       ||     1
  Use: Scroll            |     4 |       |       ||     4
Armor: Leather armour    |    25 |       |       ||    25
       Ring mail         |       |    56 |    11 ||    67
Dodge: Dodged            |    53 |    78 |    20 ||   151

Table legend: (Time is in decaauts)
 A = Elapsed time spent in this place.
 B = Non-inter-level travel time spent in this place.
 C = Inter-level travel time spent in this place.
 D = Time resting spent in this place.
 E = Time spent auto-exploring this place.
 F = Levels seen in this place.
 G = Mean time per level.
                   A        B        C        D        E       F      G
               +--------+--------+--------+--------+--------+-----+--------+
         Total |   5422 |   5239 |    183 |   1045 |   3294 |   6 |  903.7 |
       Dungeon |   5301 |   5118 |    183 |   1045 |   3294 |   5 | 1060.2 |
         Abyss |    121 |    121 |      0 |      0 |      0 |   1 |  121.0 |
               +--------+--------+--------+--------+--------+-----+--------+

Top non-repeatable levels by time:
     D:2: 1547 daAuts
     D:1: 1263 daAuts
     D:3: 1254 daAuts
     D:4: 1230 daAuts
 Abyss:1: 121 daAuts
     D:5: 5 daAuts
